 Dungeon Crawl Stone Soup version 0.28-a0-589-g333b8329f1 (webtiles) character file.

Game seed: 13853301122395372190

61875 tilp the Covert (level 14, -15/66 HPs)
             Began as a Felid Hedge Wizard on Oct 1, 2021.
             Was a High Priest of Vehumet.
             Demolished by Frances (25 damage)
             ... on level 13 of the Dungeon on Oct 3, 2021.
             The game lasted 02:06:26 (64802 turns).

tilp the Covert (Felid Hedge Wizard)               Turns: 64802, Time: 02:06:27

Health: -15/66     AC:  3    Str:  6    XL:     14   Next: 62%
Magic:  3/30       EV: 25    Int: 16    God:    Vehumet [*****.]
Gold:   1400       SH:  5    Dex: 17    Spells: 0/35 levels left
                                        Lives:  0   Deaths: 4

rFire   + + .      SeeInvis +     - Unarmed
rCold   + . .      Faith    .   (shield unavailable)
rNeg    . . .      Spirit   .   (armour unavailable)
rPois   +          Reflect  +   (helmet unavailable)
rElec   .          Harm     .   (cloak unavailable)
rCorr   .          Rampage  .   (gloves unavailable)
Will    +++..                   (boots unavailable)
Stlth   +++++.....              J - amulet "Igytasat" {Reflect rPois rF+ Int-3 SH+5}
HPRegen 0.21/turn               D - ring of protection from fire
MPRegen 0.22/turn               e - ring of willpower

@: quick
A: very small, claws 1, fangs 3, see invisible, speed 1, shaggy fur 3, stealthy
paws, no weapons or thrown items, no armour, multi-lived
a: Renounce Religion


You were on level 13 of the Dungeon.
You worshipped Vehumet.
Vehumet was extremely pleased with you.
You visited 3 branches of the dungeon, and saw 21 of its levels.

You collected 2592 gold pieces.
You spent 1192 gold pieces at shops.

Inventory:

Jewellery
 e - a ring of willpower (right paw)
 h - the macabre finger necklace {rN+}
   (You found it on level 2 of the Lair of Beasts)

   [amulet of nothing]

   It enables you to equip an extra ring.
   rN:        It protects you from negative energy.
 k - a ring of flight
 p - a ring of poison resistance
 r - a +6 ring of dexterity
 B - a ring of ice
 C - a ring of fire
 D - a ring of protection from fire (left paw)
 J - the amulet "Igytasat" (around neck) {Reflect rPois rF+ Int-3 SH+5}
   (You acquired it on level 5 of the Lair of Beasts)

   [amulet of reflection]

   It reflects blocked missile attacks.
   Int:       It affects your intelligence (-3).
   rF:        It protects you from fire.
   rPois:     It protects you from poison.
   SH:        It affects your SH (+5).
Wands
 c - a wand of flame (59)
 l - a wand of iceblast (9)
 m - a wand of paralysis (7)
 o - a wand of charming (8)
 s - a wand of mindburst (3)
 u - a wand of polymorph (27)
 A - a wand of acid (1)
Scrolls
 b - 6 scrolls of teleportation
 w - 2 scrolls of torment
 y - 5 scrolls of blinking
 E - 2 scrolls of magic mapping
 F - a scroll of fear
 K - 2 scrolls of identify
Potions
 a - 4 potions of brilliance
 d - 4 potions of haste
 f - 10 potions of curing
 g - a potion of heal wounds
 i - 5 potions of magic
 j - 2 potions of mutation
 n - 5 potions of berserk rage
 q - 3 potions of lignification
 t - 3 potions of attraction
 v - 4 potions of might
 z - 4 potions of ambrosia
 G - a potion of invisibility
 H - a potion of resistance
Miscellaneous
 x - a condenser vane


   Skills:
 - Level 10.0 Fighting
 - Level 12.0 Dodging
 - Level 12.0 Stealth
 - Level 10.0 Unarmed Combat
 + Level 11.1 Spellcasting
 + Level 10.8 Conjurations
 - Level 4.0 Hexes
 - Level 2.0 Summonings
 - Level 4.0 Translocations
 + Level 2.9 Fire Magic
 + Level 0.8 Ice Magic
 - Level 8.0 Air Magic
 + Level 4.1 Earth Magic
 - Level 2.0 Poison Magic
 - Level 8.0 Evocations


You couldn't memorise any spells.
You knew the following spells:

 Your Spells              Type           Power      Damage    Failure   Level
a - Freezing Cloud        Conj/Ice/Air   14%        6-21      4%          5
c - Blink                 Tloc           N/A        N/A       2%          2
d - Slow                  Hex            21%        N/A       2%          2
e - Mephitic Cloud        Conj/Pois/Air  31%        N/A       1%          3
f - Conjure Flame         Conj/Fire      31%        6-21      1%          3
g - Poisonous Vapours     Pois/Air       48%        N/A       1%          2
h - Airstrike             Air            17%        N/A       1%          4
i - Sticky Flame          Conj/Fire      31%        2d5       1%          4
j - Iron Shot             Conj/Erth      16%        9d4       16%         6
k - Flame Wave            Conj/Fire      31%        3d7       1%          4

Your spell library contained the following spells:

 Spells                   Type           Power      Damage    Failure   Level
 Starburst                Conj/Fire      15%        6d6       19%         6
 Magic Dart               Conj           100%       1d8       1%          1
 Dazzling Flash           Conj/Hex       64%        N/A       1%          3
 Iskenderun's Mystic Bla  Conj/Tloc      32%        2d8       1%          4
 Hailstorm                Conj/Ice       27%        3d7       2%          4
 Ensorcelled Hibernation  Hex/Ice        32%        N/A       4%          2
 Confusing Touch          Hex            21%        N/A       4%          3
 Gell's Gravitas          Tloc           10%        N/A       4%          3
 Lesser Beckoning         Tloc           21%        N/A       4%          3
 Teleport Other           Tloc           21%        N/A       4%          3
 Tukima's Dance           Hex            21%        N/A       4%          3
 Call Imp                 Summ           15%        N/A       5%          2
 Pain                     Necr           32%        1d5       9%          1
 Passage of Golubria      Tloc           N/A        N/A       16%         4
 Silence                  Hex/Air        14%        N/A       19%         5
 Vampiric Draining        Necr           4%         2d6       24%         3
 Yara's Violent Unravell  Hex/Tmut       7%         3d5       24%         5
 Manifold Assault         Tloc           21%        N/A       41%         5
 Summon Mana Viper        Hex/Summ       18%        N/A       54%         5
 Ice Form                 Ice/Tmut       10%        N/A       56%         4
 Spellforged Servitor     Conj/Summ      14%        N/A       73%         7
 Agony                    Necr           8%         N/A       92%         5
 Simulacrum               Ice/Necr       5%         N/A       100%        6
 Storm Form               Tmut/Air       10%        N/A       100%        7
 Ignition                 Fire           9%         3d5       100%        8
 Excruciating Wounds      Necr           Unusable   N/A       N/A         5

Dungeon Overview and Level Annotations

Branches:
Dungeon (13/15)            Temple (0/1) D:7            Lair (6/6) D:9
 Shoals (0/4) Lair:2       Spider (0/4) Lair:2        Slime (0/5) Lair:6
    Orc (2/2) D:12            Elf (0/3) Orc:2        Vaults (0/5) D:13

Altars:
Ashenzari
Cheibriados
Dithmenos
Elyvilon
Gozag
Hepliaklqana
Nemelex Xobeh
Uskayaw
Vehumet
Xom
Beogh
Jiyva

Shops:
D:1 [   D:4 *   D:10 (   Orc:2 :*?(?

Portals:
Abyss: D:5

Annotations:
D:10 dig vault (hornets)
D:13 Frances
Lair:2 Harold


Innate Abilities, Weirdness & Mutations

You have sharp claws.
You have razor-sharp teeth.
You have supernaturally acute eyesight. (SInv)
You cover ground quickly. (Speed+)
Your thick and shaggy fur keeps you warm. (AC +3, rC+)
Your paws help you pounce on unaware monsters.
You are incapable of wielding weapons or throwing items.
You cannot wear armour.
You gain extra lives every three experience levels.


Message History

A wave of flame ripples out!
The flame wave engulfs Frances!
Frances is moderately wounded. (Press . to intensify the flame waves.) Frances burns!
Frances is engulfed in noxious fumes.
Frances says, "There is a strange beauty in the demonic, don't you think?"
Frances closely misses you.
Frances is engulfed in noxious fumes.
Frances appears confused.
Unknown command.
Unknown command.
Casting: Flame Wave (dangerous; 1% risk of failure)
Confirm with . or Enter, or press ? or * to list all spells.
Restarting spell: Flame Wave (dangerous; 1% risk of failure)
Press: ? - help, Dir - look around, f - activate A wave of flame ripples out!
The flame wave engulfs Frances!
Frances is heavily wounded. (Press . to intensify the flame waves.) Frances burns!
Frances is engulfed in noxious fumes.
Frances appears confused.
Unknown command.
Unknown command.
Casting: Flame Wave (dangerous; 1% risk of failure)
Confirm with . or Enter, or press ? or * to list all spells.
Restarting spell: Flame Wave (dangerous; 1% risk of failure)
Press: ? - help, Dir - look around, f - activate A wave of flame ripples out! (Press . to intensify the flame waves.) Frances burns!
Frances is engulfed in noxious fumes.
Frances hits you with a +0 hand axe of venom!!!
Ouch! That really hurt!
* * * LOW HITPOINT WARNING * * *
Unknown command.
Unknown command.
You claw Frances!
Frances is heavily wounded.
Frances is engulfed in noxious fumes.
You claw Frances!
Frances is severely wounded.
Frances burns!
Frances shouts, "What's happening?!"
Frances hits you with a +0 hand axe of venom!!
You die...

... .#. .# ..##.. #
..######## .... #
.......... # ..###.#
......... # . ##......
#........ #.#######..###
# ........#
#.##.#.#.....###
#.)..###..#.........#..
#.°@.............#.#
##@.(...##..#####...
###...####....#...#...
#.#..###......#...#...
##....####.....#...#...
#.......#......#.∩.'...
##..............#...#..)
#......#........#...#...
#......###......#...#...


You could see Frances (fast, strong, confused, burning).

Vanquished Creatures
  Rupert (Lair:5)
  Kirke (D:12)
  Snorg (D:10)
  9 hydras
  Erolcha (D:10)
  5 catoblepae
  An ogre mage (D:12)
  2 boulder beetles
  Erica (D:8)
  7 two-headed ogres
  12 death yaks
  4 orc high priests
  Sonja (Lair:2)
  6 lindwurms
  A wizard (D:13)
  5 orc knights (Orc:2)
  A wolf spider (Lair:6)
  4 orc sorcerers (Orc:2)
  3 manticores
  An ugly thing (D:11)
  2 oklob plants
  A cyclops (D:13)
  A merfolk siren (Lair:2)
  5 elephants
  Maurice (D:10)
  A toenail golem (D:5)
  Joseph (D:7)
  3 black mambas
  A gargoyle (D:11)
  The ghost of sn0wgr3 the Covered, a novice MiFi (D:5)
  A torpor snail (Lair:2)
  13 cane toads
  2 kobold demonologists
  2 unseen horrors (D:12)
  3 komodo dragons
  3 rime drakes
  2 ice devils (D:11)
  8 trolls
  A merfolk (Lair:2)
  Prince Ribbit (D:8)
  3 polar bears
  Grinder (D:6)
  10 blink frogs (Lair:6)
  3 dream sheep (Lair:2)
  A redback (Lair:2)
  2 shadows
  60 yaks
  4 wyverns
  2 wraiths (D:11)
  3 hogs
  4 basilisks
  3 steam dragons
  Edmund (D:4)
  A warg (Orc:1)
  3 acid dragons
  16 water moccasins
  A small abomination (D:5)
  29 orc warriors
  4 black bears
  5 ogres
  21 wolves
  9 centaurs
  A phantom (D:5)
  5 kobold brigands
  13 bullfrogs
  3 scorpions
  5 killer bees (D:8)
  7 wights
  4 electric eels
  8 jellies
  A bullfrog zombie (D:7)
  A centaur zombie (D:9)
  4 hounds
  2 bullfrog skeletons (D:6)
  A gnoll shaman (D:7)
  25 orc priests
  2 centaur skeletons
  4 iguanas
  30 orc wizards
  4 hell rats (Lair:4)
  A killer bee zombie (D:9)
  A hound skeleton (D:4)
  4 adders
  17 gnolls
  5 shadow imps
  2 white imps
  An ufetubus (D:5)
  An adder skeleton (D:4)
  A worm (D:8)
  3 dart slugs
  91 orcs
  4 ball pythons
  2 bats
  20 endoplasms
  4 giant cockroaches
  8 goblins
  10 hobgoblins
  2 jackals (D:4)
  2 quokkas
  4 frilled lizards
  26 kobolds
  7 rats
  A bush (Lair:5)
643 creatures vanquished.

Vanquished Creatures (collateral kills)
  An orc warrior (D:9)
  A centaur (D:9)
  A scorpion (D:6)
  A killer bee (D:8)
  A wight (D:7)
  An orc priest (D:5)
  An iguana (D:4)
  2 orc wizards (D:3)
9 creatures vanquished.

Vanquished Creatures (others)
  An orc wizard (D:8)
  A bush (Lair:6)
  92 fungi
  147 plants
241 creatures vanquished.

Grand Total: 893 creatures vanquished

Notes
Turn   | Place    | Note
-------+----------+-------------------------------------------
     0 | D:1      | tilp the Felid Hedge Wizard began the quest for the Orb.
     0 | D:1      | Reached XP level 1. HP: 7/7 MP: 5/5
    39 | D:1      | Reached skill level 1 in Conjurations
   141 | D:1      | Found a faded altar of an unknown god.
   263 | D:1      | Reached XP level 2. HP: 11/11 MP: 4/7
   293 | D:1      | Found Zaihuc's Antique Armour Shoppe.
   297 | D:1      | Learned a level 2 spell: Call Imp
   300 | D:1      | Learned a level 2 spell: Blink
   303 | D:1      | Learned a level 2 spell: Slow
  1306 | D:2      | Reached XP level 3. HP: 14/14 MP: 1/8
  2098 | D:3      | Noticed a scorpion
  2125 | D:3      | Killed a scorpion
  2126 | D:3      | Reached XP level 4. HP: 1/18 MP: 0/9
  2411 | D:3      | Reached skill level 1 in Unarmed Combat
  2624 | D:3      | Noticed a scorpion
  2932 | D:4      | Noticed Edmund
  3484 | D:3      | Reached XP level 5. HP: 21/21 MP: 4/10
  4192 | D:3      | Reached skill level 1 in Fighting
  4524 | D:4      | Gained mutation: You are covered in thick fur. (AC +2)
                  | [Felid growth]
  4524 | D:4      | Reached XP level 6. HP: 9/25 MP: 2/11
  5177 | D:4      | Found a radiant altar of Vehumet.
  5191 | D:4      | Became a worshipper of Vehumet
  5371 | D:4      | Noticed a steam dragon
  5580 | D:4      | Learned a level 3 spell: Mephitic Cloud
  5789 | D:4      | Found Mydeunk's General Store.
  6122 | D:4      | Killed Edmund
  6411 | D:5      | Entered Level 5 of the Dungeon
  6467 | D:5      | Reached XP level 7. HP: 25/30 MP: 4/12
  7386 | D:5      | HP: 1/30 [black bear (4)]
  8104 | D:5      | Found a transporter.
  8109 | D:5      | Found a transporter.
  8109 | D:5      | Noticed a toenail golem
  8117 | D:5      | Found a one-way gate to the infinite horrors of the Abyss.
  8117 | D:5      | Noticed sn0wgr3's ghost (novice MiFi)
  8821 | D:6      | Reached skill level 1 in Hexes
  9132 | D:5      | Killed from afar by an orc priest
  9133 | D:5      | Reached XP level 6. HP: 0/26 MP: 0/11
  9255 | D:6      | Reached XP level 7. HP: 26/30 MP: 0/12
  9448 | D:6      | Found the +3 salamander hide armour {Flames rF++ rC--}
  9567 | D:6      | Reached skill level 1 in Air Magic
  9567 | D:6      | Reached skill level 1 in Poison Magic
 10044 | D:6      | Found a runed translucent door.
 10075 | D:6      | Noticed a steam dragon
 10536 | D:6      | Noticed Grinder
 10560 | D:6      | Killed Grinder
 10992 | D:7      | Found a staircase to the Ecumenical Temple.
 11021 | D:7      | Reached XP level 8. HP: 32/33 MP: 0/14
 11373 | D:7      | Reached skill level 5 in Conjurations
 11595 | D:7      | Reached * piety under Vehumet
 11595 | D:7      | Offered knowledge of Freeze by Vehumet.
 12004 | D:7      | Noticed Joseph
 13652 | D:7      | Found a sparkling altar of Nemelex Xobeh.
 13971 | D:7      | Reached XP level 9. HP: 36/36 MP: 1/16
 14342 | D:7      | Noticed an oklob plant
 15519 | D:8      | Noticed Prince Ribbit
 15740 | D:8      | Found a snail-covered altar of Cheibriados.
 15885 | D:8      | Reached ** piety under Vehumet
 15887 | D:8      | Offered knowledge of Static Discharge by Vehumet.
 15918 | D:8      | Killed Prince Ribbit
 16392 | D:8      | Reached skill level 5 in Stealth
 16631 | D:8      | Reached skill level 5 in Dodging
 16932 | D:8      | Noticed Erica
 17296 | D:9      | Found a shimmering altar of Xom.
 17297 | D:9      | Found a hazy altar of Hepliaklqana.
 17298 | D:9      | Noticed a troll
 17298 | D:9      | Noticed a spectral ugly thing
 17761 | D:8      | Learned a level 3 spell: Conjure Flame
 17762 | D:9      | Noticed a kobold demonologist
 18375 | D:9      | Noticed a rust devil
 18675 | D:8      | Reached skill level 5 in Unarmed Combat
 18957 | D:8      | Reached skill level 1 in Fire Magic
 20008 | D:8      | Reached XP level 10. HP: 24/42 MP: 2/17
 20522 | D:8      | Slain by a troll
 20523 | D:8      | Reached XP level 9. HP: 0/39 MP: 9/16
 21427 | D:8      | Killed a troll
 21629 | D:8      | Found a snail-covered altar of Cheibriados.
 23696 | D:9      | Offered knowledge of Poisonous Vapours by Vehumet.
 23700 | D:9      | Learned a level 2 spell: Poisonous Vapours
 23878 | D:9      | Noticed a smoke demon
 23879 | D:9      | Killed a kobold demonologist
 23880 | D:9      | Reached skill level 5 in Spellcasting
 24405 | D:9      | Found a staircase to the Lair.
 24662 | D:9      | Reached XP level 10. HP: 31/42 MP: 3/20
 24954 | D:9      | Reached *** piety under Vehumet
 25531 | D:4      | Found Mydeunk's General Store.
 26308 | D:6      | Reached skill level 5 in Fighting
 26606 | D:6      | Offered knowledge of Airstrike by Vehumet.
 27120 | D:10     | Entered Level 10 of the Dungeon
 27550 | D:10     | Identified the +5 ring mail of Precision Catastrophes
                  | {rElec rC+}
 27574 | D:10     | Noticed Erolcha
 27602 | D:10     | Killed Erolcha
 27804 | D:10     | Learned a level 4 spell: Airstrike
 27903 | D:10     | Noticed Maurice
 27908 | D:10     | Killed Maurice
 27921 | D:10     | Found a hide-covered altar of Uskayaw.
 27921 | D:10     | Noticed a +0 dagger
 27921 | D:10     | Noticed a +0 falchion
 27922 | D:10     | Noticed a +0 dagger
 27923 | D:10     | Noticed a +0 falchion
 27923 | D:10     | Noticed a +0 short sword
 27924 | D:10     | Noticed a +0 spear
 27926 | D:10     | Noticed a +0 spear
 27926 | D:10     | Noticed a +0 short sword
 28050 | D:10     | Reached **** piety under Vehumet
 28169 | D:10     | Noticed Snorg
 28210 | D:10     | HP: 2/46 [Snorg (15)]
 28246 | D:10     | Killed Snorg
 28515 | D:10     | Found Nonilene's Antique Weapon Boutique.
 28636 | D:10     | Found a broken altar of Ashenzari.
 28640 | D:10     | Found a shadowy altar of Dithmenos.
 28640 | D:10     | Found an opulent altar of Gozag.
 28640 | D:10     | Found a white marble altar of Elyvilon.
 28691 | D:10     | Reached XP level 11. HP: 50/50 MP: 8/21
 28943 | D:10     | Reached skill level 5 in Evocations
 28943 | D:10     | Gained mutation: Your thick and shaggy fur keeps you warm.
                  | (AC +3, rC+) [Felid growth]
 28943 | D:10     | Reached XP level 12. HP: 55/55 MP: 21/23
 29556 | D:11     | Found a frozen archway.
 29756 | Lair:1   | Entered Level 1 of the Lair of Beasts
 30042 | Lair:1   | Noticed a four-headed hydra
 31125 | Lair:1   | Reached skill level 5 in Air Magic
 31331 | Lair:1   | Killed a four-headed hydra
 32276 | Lair:2   | Noticed a six-headed hydra
 32279 | Lair:2   | Killed a six-headed hydra
 32314 | Lair:2   | Noticed Sonja
 32368 | Lair:2   | Noticed an eight-headed hydra
 32480 | Lair:2   | Killed Sonja
 32552 | Lair:2   | Found the macabre finger necklace {rN+}
 32859 | Lair:2   | Slain by an eight-headed hydra
 32860 | Lair:2   | Reached XP level 11. HP: -4/51 MP: 18/24
 32860 | Lair:2   | Killed an eight-headed hydra
 32871 | Lair:2   | Upgraded the game from 0.28-a0-577-gb193047a1f to
                  | 0.28-a0-580-ga2639ab843
 32915 | Lair:2   | Found a hazy altar of Hepliaklqana.
 33058 | Lair:2   | Found a staircase to the Shoals.
 33435 | Lair:2   | Found a hole to the Spider Nest.
 33846 | Lair:2   | Noticed Harold
 34119 | Lair:2   | Noticed a lindwurm
 34124 | Lair:2   | Noticed a lindwurm
 34423 | Lair:2   | Killed a lindwurm
 34547 | Lair:2   | Killed a lindwurm
 34696 | Lair:2   | Killed a lindwurm
 34881 | Lair:2   | Killed a lindwurm
 35592 | Lair:2   | Reached XP level 12. HP: 50/56 MP: 22/25
 35747 | Lair:2   | Found a hole to the Spider Nest.
 35870 | Lair:2   | Found a hazy altar of Hepliaklqana.
 35933 | Lair:2   | Found a staircase to the Shoals.
 36687 | D:8      | Killed Erica
 36891 | Lair:3   | Noticed a catoblepas
 36915 | Lair:3   | Killed a catoblepas
 37043 | Lair:3   | Noticed a death yak
 37098 | Lair:3   | Killed a death yak
 37268 | Lair:3   | Reached skill level 10 in Stealth
 37392 | Lair:3   | Noticed a six-headed hydra
 38209 | Lair:3   | Noticed a death yak
 38228 | Lair:3   | Noticed a death yak
 38260 | Lair:3   | Killed a death yak
 38461 | Lair:3   | Noticed a death yak
 38950 | Lair:3   | Killed a six-headed hydra
 39245 | Lair:3   | Noticed a death yak
 39351 | Lair:3   | Noticed a death yak
 39373 | Lair:3   | Killed a death yak
 39374 | Lair:3   | Reached skill level 10 in Dodging
 39456 | Lair:3   | Killed a death yak
 40462 | Lair:3   | Killed a death yak
 40618 | Lair:3   | Killed a death yak
 41430 | Lair:4   | Offered knowledge of Lee's Rapid Deconstruction by Vehumet.
 42412 | Lair:4   | Noticed a seven-headed hydra
 42418 | Lair:4   | Killed a seven-headed hydra
 42910 | D:7      | Killed Joseph
 42911 | D:7      | Reached XP level 13. HP: 61/61 MP: 26/26
 42973 | D:7      | Reached skill level 10 in Fighting
 42973 | D:7      | Reached skill level 10 in Unarmed Combat
 43222 | D:5      | Killed sn0wgr3's ghost
 43565 | Lair:5   | Noticed Rupert
 43611 | Lair:5   | Killed Rupert
 45073 | Lair:5   | Killed from afar by an oklob plant
 45074 | Lair:5   | Reached XP level 12. HP: -3/58 MP: 3/25
 46350 | Lair:5   | Identified a scroll of acquirement
 46350 | Lair:5   | Acquired the amulet "Igytasat" {Reflect rPois rF+ Int-3
                  | SH+5}
 46416 | Lair:6   | Entered Level 6 of the Lair of Beasts
 46947 | Lair:6   | Noticed a five-headed hydra
 47040 | Lair:6   | Noticed a seven-headed hydra
 47614 | Lair:6   | Noticed a catoblepas
 47634 | Lair:6   | Killed a catoblepas
 47634 | Lair:6   | Reached ***** piety under Vehumet
 47763 | Lair:6   | Offered knowledge of Sticky Flame by Vehumet.
 47784 | Lair:6   | Noticed a seven-headed hydra
 47789 | Lair:6   | Killed a seven-headed hydra
 47973 | Lair:6   | Learned a level 4 spell: Sticky Flame
 47980 | Lair:6   | Noticed a boulder beetle
 48482 | Lair:6   | Killed a five-headed hydra
 48493 | Lair:6   | Reached XP level 13. HP: 26/61 MP: 6/27
 48893 | Lair:6   | HP: 2/61 [boulder beetle (19)]
 49626 | Lair:6   | Found a viscous altar of Jiyva.
 49710 | Lair:6   | Found a staircase to the Slime Pits.
 52513 | Lair:6   | Reached skill level 10 in Conjurations
 52538 | Lair:6   | Reached skill level 10 in Spellcasting
 54995 | D:12     | Offered knowledge of Iron Shot by Vehumet.
 55003 | D:12     | Learned a level 6 spell: Iron Shot
 55312 | D:12     | Found a staircase to the Orcish Mines.
 55659 | D:12     | Noticed Kirke
 56174 | D:11     | Reached skill level 1 in Earth Magic
 56308 | D:12     | Reached XP level 14. HP: 66/66 MP: 13/29
 56554 | D:12     | Killed Kirke
 57472 | Orc:1    | Entered Level 1 of the Orcish Mines
 58637 | Orc:2    | Entered Level 2 of the Orcish Mines
 58639 | Orc:2    | Upgraded the game from 0.28-a0-580-ga2639ab843 to
                  | 0.28-a0-589-g333b8329f1
 59508 | Orc:2    | Found Vaosoch's Book Shoppe.
 59516 | Orc:2    | Bought Toelaytz's Incunabulum of Flamy Calling for 400 gold
                  | pieces
 59521 | Orc:2    | Learned a level 4 spell: Flame Wave
 60706 | Orc:2    | Found a staircase to the Elven Halls.
 62160 | Orc:2    | Offered knowledge of Starburst by Vehumet.
 64039 | Orc:2    | Found Cafeith's Antique Weapon Shoppe.
 64044 | Orc:2    | Found Mys Causk's Assorted Antiques.
 64051 | Orc:2    | Found Iforakal's Magic Scroll Boutique.
 64053 | Orc:2    | Found Huevyaq's Magic Scroll Shoppe.
 64153 | Orc:2    | Bought a scroll of amnesia for 42 gold pieces
 64153 | Orc:2    | Bought a scroll of blinking for 90 gold pieces
 64153 | Orc:2    | Bought a scroll of blinking for 90 gold pieces
 64153 | Orc:2    | Bought a scroll of blinking for 90 gold pieces
 64214 | Orc:2    | Bought Xiamuig's Compendium of Incorporation for 480 gold
                  | pieces
 64300 | Orc:2    | Learned a level 5 spell: Freezing Cloud
 64756 | D:13     | Found a gate to the Vaults.
 64791 | D:13     | Noticed Frances
 64802 | D:13     | Demolished by Frances

Illustrated notes

Levels and vault maps discovered:
D:1:      wheals_arrival_linesprint, layout_loops_ring, serial_shops,
          nicolae_shop_trees, hellmonk_ecumenical_altar_leap_of_faith,
          amcnicky_mini_corridor_feature
D:2:      layout_basic
D:3:      layout_basic
D:4:      layout_layer_cave, nicolae_vehumet_radiance, serial_shops,
          nicolae_shop_trees, minmay_pentomino_pile, uniq_edmund
D:5:      layout_basic, gammafunk_ghost_abyssal_escape
D:6:      layout_loops_ring, minivault_14, lightli_church_of_beogh, uniq_grinder
D:7:      lemuel_slime, layout_cave_pools, nemelex_diamond_rough_becter,
          minmay_temple_entry_sparse_star, serial_co_window_serial,
          co_window_of_opportunity_a, co_window_paths_b, co_window_paths_a,
          co_window_of_opportunity_a, co_window_of_opportunity_a,
          co_window_paths_a, co_window_corner_a, co_window_paths_b,
          co_window_paths_a, co_window_cross_4, co_window_corner_cb,
          co_window_unsneaky_path_c, glass_columns_a, glass_columns_c,
          glass_columns_a, glass_columns_a, corexii_leaking_fountain,
          dk_vineyard_3, uniq_joseph
D:8:      layout_basic, chei_slow_surprise, uniq_prince_ribbit1, uniq_erica
D:9:      kennysheep_housing_project, layout_stronghold,
          regret_index_temple_of_mockery, due_lair_maze_entry_diamond
D:10:     layout_small_grid, nicolae_uskayaw_en_pointe,
          grunt_temple_overflow_open, serial_shops, nicolae_lakefront_shop,
          hive_lemuel, uniq_maurice, uniq_snorg, uniq_erolcha
D:11:     layout_rooms, portal_ice_cave_demonic_guard, gauntlet_entry_generic
D:12:     layout_long_grid, orc_0_dummy, uniq_kirke
D:13:     hangedman_cross_veins, layout_cave_pools, david_vaults_1, uniq_frances
Lair:1:   layout_small_grid, lemuel_fruit_tree
Lair:2:   layout_cave_pods, elwin_shoals_entry_rooms, spider_nest_entry_rubble,
          basic_altar, chequers_serial_rivers_room_b, minmay_lindwurm_lava,
          serial_bayou_shore_a, uniq_sonja, uniq_harold
Lair:3:   layout_hall_layers, serial_bayou_ford_a
Lair:4:   layout_cave_pods, grunt_megastairs_1
Lair:5:   layout_regular_city, minmay_lair_oklob_items, uniq_rupert
Lair:6:   evilmike_catoblepas_cave, layout_cave_pods,
          dpeg_slime_entry_enclosed_altar, serial_bayou_pond_a,
          mumra_transporter_accident, infiniplex_staircase_pool
Orc:1:    layout_diamond_mine, basic_altar
Orc:2:    st_orc_elflike, layout_caves, serial_shops, shop_fountains,
          minmay_orc_temple_a

Skill      XL: |  1  2  3  4  5  6  7  8  9 10 11 12 13 14 |
---------------+-------------------------------------------+-----
Conjurations   | 1 2 4 7 8 9 10 | 10.8
Unarmed Combat | 2 4 6 8 9 10 | 10.0
Stealth        | 3 4 8 9 11 12 | 12.0
Dodging        | 3 4 6 9 11 12 | 12.0
Fighting       | 1 2 4 7 8 9 10 | 10.0
Evocations     | 2 4 5 6 8 |  8.0
Hexes          | 3 4 |  4.0
Translocations | 3 4 |  4.0
Air Magic      | 2 4 7 8 |  8.0
Poison Magic   | 2 |  2.0
Summonings     | 2 |  2.0
Spellcasting   | 4 6 7 9 10 11 | 11.1
Fire Magic     | 2 |  2.9
Earth Magic    | 1 4 |  4.1
Ice Magic      | |  0.8

Action                   |  1- 3 |  4- 6 |  7- 9 | 10-12 | 13-15 || total
-------------------------+-------+-------+-------+-------+-------++-------
Melee: Unarmed           |    13 |    28 |   178 |   336 |   206 ||   761
       Bite              |       |     3 |    14 |    27 |    22 ||    66
       Punch             |       |       |     3 |    18 |    16 ||    37
 Cast: Magic Dart        |    80 |   131 |   741 |   139 |    33 ||  1124
       Call Imp          |     1 |     8 |    12 |     2 |       ||    23
       Mephitic Cloud    |       |       |    52 |    68 |    62 ||   182
       Slow              |       |       |    51 |    14 |     3 ||    68
       Conjure Flame     |       |       |    10 |    27 |    17 ||    54
       Poisonous Vapours |       |       |     6 |    65 |    49 ||   120
       Blink             |       |       |     2 |     3 |     6 ||    11
       Airstrike         |       |       |       |   284 |   436 ||   720
       Flame Wave        |       |       |       |       |    29 ||    29
       Sticky Flame      |       |       |       |       |    15 ||    15
       Iron Shot         |       |       |       |       |     4 ||     4
       Freezing Cloud    |       |       |       |       |     1 ||     1
Evoke: Wand              |       |     1 |     6 |    21 |    15 ||    43
       Condenser vane    |       |       |       |     2 |     2 ||     4
  Use: Scroll            |     4 |     7 |     7 |    10 |     6 ||    34
       Potion            |       |       |       |     3 |     1 ||     4
 Stab: Sleeping          |     3 |     1 |     1 |     9 |     2 ||    16
       Paralysed         |       |     4 |     4 |     3 |     4 ||    15
       Confused          |       |       |    15 |    26 |    25 ||    66
Armor: Skin              |     1 |     6 |    21 |    15 |     3 ||    46
Dodge: Dodged            |    11 |    54 |   307 |   309 |   203 ||   884
Block: Other             |       |       |       |    15 |    35 ||    50
       Reflection        |       |       |       |       |     4 ||     4

Table legend: (Time is in decaauts)
 A = Elapsed time spent in this place.
 B = Non-inter-level travel time spent in this place.
 C = Inter-level travel time spent in this place.
 D = Time resting spent in this place.
 E = Time spent auto-exploring this place.
 F = Levels seen in this place.
 G = Mean time per level.
                   A        B        C        D        E       F      G
               +--------+--------+--------+--------+--------+-----+--------+
         Total |  59884 |  56111 |   3773 |  28050 |  20124 |  21 | 2851.6 |
       Dungeon |  33353 |  30937 |   2416 |  15295 |  11441 |  13 | 2565.6 |
          Lair |  20478 |  19460 |   1018 |   9113 |   7661 |   6 | 3413.0 |
  Orcish Mines |   6052 |   5715 |    337 |   3641 |   1020 |   2 | 3026.0 |
               +--------+--------+--------+--------+--------+-----+--------+

Top non-repeatable levels by time:
     D:8: 7127 daAuts
  Lair:5: 4706 daAuts
  Lair:6: 4504 daAuts
  Lair:2: 4411 daAuts
   Orc:2: 4385 daAuts
     D:6: 4070 daAuts
     D:9: 3608 daAuts
  Lair:3: 3029 daAuts
     D:7: 2759 daAuts
     D:5: 2717 daAuts
     D:4: 2272 daAuts
    D:10: 2266 daAuts
     D:3: 2165 daAuts
  Lair:1: 2035 daAuts
    D:11: 1979 daAuts
